 Dungeon Crawl Stone Soup version 0.19-a0-978-g9f5ef2c (webtiles) character file.

88 GlassEater the Conjurer (level 4, 0/24 HPs)
             Began as a Tengu Conjurer on July 14, 2016.
             Slain by Grinder (1 damage)
             ... while paralysed by Grinder
             ... on level 3 of the Dungeon.
             The game lasted 00:07:07 (2177 turns).

GlassEater the Conjurer (Tengu Conjurer)            Turns: 2177, Time: 00:07:07

Health: 0/24       AC:  3    Str:  8    XL:     4   Next: 53%
Magic:  1/9        EV:  2    Int: 22    God:
Gold:   68         SH:  0    Dex: 14    Spells: 3 memorised, 1 level left

rFire  . . .     SeeInvis .     l - +0 dagger
rCold  . . .     Gourm    .     s - +0 leather armour
rNeg   . . .     Faith    .     (no shield)
rPois  .         Spirit   .     (helmet restricted)
rElec  .         Dismiss  .     (no cloak)
rCorr  .         Reflect  .     (no gloves)
SustAt .         Harm     .     (boots unavailable)
MR     .....                    (no amulet)
Stlth  ++........               (no ring)
                                (no ring)

@: paralysed, brilliant, very slightly contaminated, hasted, not resistant to
hostile enchantments, unstealthy
A: beak, talons 3
a: no special abilities


You were on level 3 of the Dungeon.
You were hungry.

You visited 1 branch of the dungeon, and saw 3 of its levels.

You collected 68 gold pieces.

Inventory:

Hand Weapons
 l - a +0 dagger (weapon)
Armour
 s - a +0 leather armour (worn)
Scrolls
 d - a scroll of random uselessness {unknown}
 j - a scroll of remove curse {unknown}
 k - 3 scrolls of blinking {unknown}
 m - 3 scrolls of teleportation {unknown}
 n - a scroll of identify {unknown}
 o - 2 scrolls of amnesia {unknown}
Potions
 a - a potion of lignification {unknown}
 e - 3 potions of curing
 h - a potion of magic {unknown}
 p - 2 potions of haste
 q - a potion of mutation {unknown}
 r - a potion of brilliance
 t - a potion of cure mutation {unknown}
Books
 b - a book of Conjurations

   Spells                             Type                      Level
   a - Magic Dart                     Conjuration                  1
   b - Searing Ray                    Conjuration                  2
   c - Dazzling Spray                 Conjuration/Hexes            3
   d - Fulminant Prism                Conjuration/Hexes            4
   e - Iskenderun's Mystic Blast      Conjuration                  4
   f - Iskenderun's Battlesphere      Conjuration/Charms           5
Comestibles
 c - a bread ration
 f - 3 fruits
 g - 3 beef jerkies
 i - 4 chunks of flesh
 u - a slice of pizza
 v - a royal jelly


   Skills:
 * Level 0.4 Armour
 * Level 2.3 Dodging
 + Level 2.0 Stealth
 * Level 2.6 Spellcasting
 * Level 6.9 Conjurations


You had one spell level left.
You knew the following spells:

 Your Spells              Type           Power        Failure   Level  Hunger
a - Magic Dart            Conj           ####         1%          1    None
b - Searing Ray           Conj           #####.       1%          2    ##.....
c - Iskenderun's Mystic   Conj           #####...     1%          4    ####...


Dungeon Overview and Level Annotations

Branches:
Dungeon (3/15)

Altars:
Fedhas
Hepliaklqana
Uskayaw

Annotations:
D:3 Grinder


Innate Abilities, Weirdness & Mutations

You have a beak for a mouth.
You have claws for feet.


Message History

You barely miss Grinder. Your kick misses Grinder.
Grinder is severely wounded.
The goblin hits you with a dagger. Grinder hits you.
* * * LOW HITPOINT WARNING * * *
You writhe in agony.
* * * LOW HITPOINT WARNING * * *
It was a potion of haste.
You feel yourself speed up. The goblin barely misses you.
Grinder hits you but does no damage.
You are very lightly contaminated with residual magic.
It was a potion of curing.
You feel better. The goblin barely misses you.
It was a potion of brilliance.
You feel clever all of a sudden. Grinder gestures at you.
You suddenly lose the ability to move!
The goblin hits you but does no damage. Grinder hits you but does no damage.
The goblin hits you with a dagger.
* * * LOW HITPOINT WARNING * * *
Grinder hits you.
* * * LOW HITPOINT WARNING * * *
You writhe in agony.
You die...

### ##########.#
......g@5..#
.#########.#
#........#
#.#####..# # #
#.#####..#.# # #.
.##..........# !#.#
....###..##### #
.#.####..#..........
#.
....(....#.#########


You could see Grinder and a goblin.

Vanquished Creatures
  A gnoll (D:1)
  2 adders (D:2)
  2 worms (D:2)
  A dart slug (D:2)
  A giant gecko (D:2)
  4 giant cockroaches
  7 goblins
  10 hobgoblins
  A quokka (D:2)
  5 bats
  3 giant newts
  7 kobolds
  6 rats
50 creatures vanquished.

Notes
Turn   | Place    | Note
-------+----------+-------------------------------------------
     0 | D:1      | GlassEater the Tengu Conjurer began the quest for the Orb.
     0 | D:1      | Reached XP level 1. HP: 10/10 MP: 4/4
   289 | D:1      | Reached XP level 2. HP: 15/15 MP: 4/6
   345 | D:1      | Learned a level 2 spell: Searing Ray
   382 | D:1      | Reached skill level 6 in Conjurations
   647 | D:1      | Reached XP level 3. HP: 19/19 MP: 5/7
  1355 | D:2      | Found a hazy altar of Hepliaklqana.
  1465 | D:2      | Reached XP level 4. HP: 21/24 MP: 4/8
  1643 | D:2      | Learned a level 4 spell: Iskenderun's Mystic Blast
  1644 | D:2      | Found a blossoming altar of Fedhas.
  1800 | D:2      | Found a hide-covered altar of Uskayaw.
  2159 | D:3      | Noticed Grinder
  2175 | D:3      | Paralysed by Grinder for 7 turns
  2177 | D:3      | HP: 1/24 [Grinder (6)]
  2177 | D:3      | Slain by Grinder

Vault maps used:
D:1:      scummos_arrival_forest
D:2:      lemuel_round_altar, lemuel_coloured_pillars_altar, lemuel_doored_altar
D:3:      nicolae_gozag_seed_capital, old_standard_altar, uniq_terence,
          uniq_grinder

Skill      XL: |  1  2 |
---------------+-------+-----
Conjurations   | 6 |  6.9
Armour         | |  0.4
Dodging        | |  2.3
Stealth        | |  2.0
Spellcasting   | |  2.6

Action                   |  1- 3 |  4- 6 || total
-------------------------+-------+-------++-------
Melee: Dagger            |     1 |    11 ||    12
       Peck              |     1 |     2 ||     3
       Kick              |       |     3 ||     3
 Cast: Magic Dart        |    54 |    13 ||    67
       Searing Ray       |     5 |     2 ||     7
       Iskenderun's Myst |       |     2 ||     2
  Use: Potion            |       |     3 ||     3
 Stab: Sleeping          |       |     1 ||     1
  Eat: Chunk             |     3 |     2 ||     5
Armor: Robe              |     2 |       ||     2
       Leather armour    |     1 |     6 ||     7
Dodge: Dodged            |    12 |    11 ||    23
